 Dungeon Crawl Stone Soup version 0.30-a0-1160-g6e42c06551 (webtiles) character file.

Game seed: 2830395584258617346

23 IdlyInterested the Ducker (level 2, 0/23 HPs)
             Began as a Demonspawn Gladiator on Apr 26, 2023.
             Slain by Terence
             ... wielding a +0 flail
              (9 damage)
             ... on level 2 of the Dungeon.
             The game lasted 00:03:48 (1108 turns).

IdlyInterested the Ducker (Demonspawn Gladiator)    Turns: 1108, Time: 00:03:49

Health: 0/23       AC:  7    Str: 14    XL:     2   Next: 75%
Magic:  2/2        EV:  9    Int:  9    God:
Gold:   54         SH:  3    Dex: 14    Spells: 1/1 levels left

rFire   . . .        a - +0 rapier
rCold   . . .        h - +0 buckler
rNeg    . . .        i - +0 scale mail
rPois   .            c - +0 helmet
rElec   .            (no cloak)
rCorr   .            (no gloves)
SInv    .            (no boots)
Will    +....        (no amulet) Stlth
                     o - ring of willpower
HPRegen 0.23/turn    (no ring)
MPRegen 0.08/turn

%: no passive effects
@: no status effects
A: demonic magic 1
a: no special abilities


You were on level 2 of the Dungeon.
You visited 1 branch of the dungeon, and saw 2 of its levels.

You collected 54 gold pieces.

Inventory:

Hand Weapons
 a - a +0 rapier (weapon)
 j - a +0 long sword
Missiles
 d - 3 throwing nets
 g - 2 poisoned darts
 k - 5 stones (quivered)
Armour
 b - a +0 leather armour
 c - a +0 helmet (worn)
 h - a +0 buckler (worn)
 i - a +0 scale mail (worn)
Jewellery
 o - a ring of willpower (left hand)
Scrolls
 l - a scroll of poison {unknown}
 m - a scroll of fog {unknown}
 n - a scroll of teleportation {unknown}
 p - a scroll of noise {unknown}
Potions
 f - a potion of brilliance {unknown}
 q - a potion of curing {unknown}


   Skills:
 + Level 2.4 Fighting
 * Level 2.8 Short Blades
 - Level 2.0 Throwing
 * Level 2.9 Dodging
 - Level 1.0 Stealth


You had one spell level left.
You didn't know any spells.
Your spell library contained the following spells:

 Spells                   Type           Power      Damage    Failure   Level
 Ensorcelled Hibernation  Hex/Ice        0%         N/A       98%         2
 Passwall                 Tmut/Erth      0%         N/A       98%         2
 Swiftness                Air            0%         N/A       100%        3


Dungeon Overview and Level Annotations

Branches:
Dungeon (2/15)

Altars:

Annotations:
D:2 Robin, Terence


Innate Abilities, Weirdness & Mutations

Spells you cast may paralyse adjacent enemies.


Message History

A bat comes into view.
The bat hits you but does no damage. Terence attacks as you move away!
Terence hits you but does no damage. The bat hits you but does no damage.
Terence attacks as you move away! Terence barely misses you.
Throw: javelin
Press: ? - help, Shift-Dir - straight line, f - goblin
Aim: a goblin, wielding a +0 club (53% to hit)
You throw a javelin. The javelin pierces through Terence.
Terence is lightly wounded.
The javelin pierces through the goblin!
You kill the goblin!
The javelin misses the goblin.
The javelin pierces through the goblin.
You kill the goblin!
The javelin pierces through the hobgoblin.
The hobgoblin is moderately wounded.
The javelin closely misses the goblin.
Terence closely misses you.
You hit Terence.
Terence is moderately wounded.
Terence barely misses you.
You hit Terence.
Terence is heavily wounded.
Terence hits you with a +0 flail.
You closely miss Terence.
Terence is heavily wounded.
Terence hits you with a +0 flail. Terence closely misses you.
You hit Terence but do no damage.
Terence is heavily wounded.
Terence closely misses you.
You hit Terence.
Terence is heavily wounded.
Terence barely misses you.
You hit Terence but do no damage.
Terence is heavily wounded.
You block Terence's attack.
You hit Terence.
Terence is heavily wounded.
Terence hits you with a +0 flail!
You die...

... ... .. #
.......
..#.#####.......
..#.............
#.......#.......
....###@#.....
#.....#@#...
#.gg#.# ##.gg.#
#.)### ##gg# #. <#
##.########.##.#
#####g.....#......
#....ggg.....#...


You could see Terence, Robin, 4 hobgoblins and 2 goblins.

Vanquished Creatures
  A dart slug (D:1)
  3 bats (D:1)
  3 endoplasms (D:1)
  A giant cockroach (D:1)
  3 hobgoblins
  3 frilled lizards (D:1)
  4 goblins
  A rat (D:1)
19 creatures vanquished.

Notes
Turn   | Place    | Note
-------+----------+-------------------------------------------
     0 | D:1      | IdlyInterested the Demonspawn Gladiator began the quest for
                  | the Orb.
     0 | D:1      | Reached XP level 1. HP: 16/16 MP: 1/1
   255 | D:1      | Reached skill level 1 in Stealth
   255 | D:1      | Gained mutation: Spells you cast may paralyse adjacent
                  | enemies. [demonic ancestry]
   255 | D:1      | Reached XP level 2. HP: 5/22 MP: 2/2
   510 | D:1      | Found a faded altar of an unknown god.
   529 | D:1      | You fall into a shaft and drop 1 floor!
  1089 | D:2      | Noticed Terence
  1089 | D:2      | Noticed Robin
  1108 | D:2      | Slain by Terence

Illustrated notes

Levels and vault maps discovered:
D:1:      heliophobic_arrival_glass_houses, layout_basic, serial_corexii_hall,
          corexii_hall_statues_t, corexii_hall_statues_i,
          corexii_hall_statues_u, corexii_hall_statues_s,
          chequers_ecumenical_altar_simple, minmay_ruptured
D:2:      layout_basic, uniq_terence, uniq_robin

Skill      XL: |  1 |
---------------+----+-----
Throwing       | 2 |  2.0
Stealth        | 1 |  1.0
Fighting       | |  2.4
Short Blades   | |  2.8
Dodging        | |  2.9

Action                     || total
---------------------------++-------
  Melee: Rapier            ||    70
  Throw: Javelin           ||     1
 Armour: Scale mail        ||    40
  Dodge: Dodged            ||    40
  Block: Buckler           ||    16

Table legend: (Time is in decaauts)
 A = Elapsed time spent in this place.
 B = Non-inter-level travel time spent in this place.
 C = Inter-level travel time spent in this place.
 D = Time resting spent in this place.
 E = Time spent auto-exploring this place.
 F = Levels seen in this place.
 G = Mean time per level.
                   A        B        C        D        E       F      G
               +--------+--------+--------+--------+--------+-----+--------+
         Total |   1114 |   1093 |     21 |     81 |    753 |   2 |  557.0 |
       Dungeon |   1114 |   1093 |     21 |     81 |    753 |   2 |  557.0 |
               +--------+--------+--------+--------+--------+-----+--------+

Top non-repeatable levels by time:
     D:1: 1043 daAuts
     D:2: 70 daAuts
